 Dungeon Crawl Stone Soup version 0.16-a0-1157-gec61f8e (webtiles) character file.

6392 Kashira the Covered (level 10, -3/55 HPs)
             Began as a Vine Stalker Berserker on Oct 8, 2014.
             Was a High Priest of Trog.
             Slain by a red ugly thing (13 damage)
             ... on level 11 of the Dungeon.
             The game lasted 00:37:33 (8537 turns).

Kashira the Covered (Vine Stalker Berserker)        Turns: 8537, Time: 00:37:35

Health: -3/55      AC: 14    Str: 23    XL:     10   Next: 97%
Magic:  0/21       EV:  6    Int:  5    God:    Trog [*****.]
Gold:   277        SH:  0    Dex: 14    Spells: 0 memorised, 9 levels left

rFire  . . .     SeeInvis .     P - +0 battleaxe
rCold  . . .     Rnd*Rage +     Q - +0 plate armour
rNeg   + . .     SustAb   .     (no shield)
rPois  .         Gourm    .     J - +1 hat
rElec  .         Spirit   +     (no cloak)
rCorr  .         Warding  +     (no gloves)
rMut   .         Stasis   .     (no boots)
MR     +....                    K - amulet of warding
Stlth  ..........               (no ring)
                                L - ring of flight

@: exhausted, slowed, very slow, somewhat resistant to hostile enchantments,
extremely unstealthy
A: fangs 3, berserk 1, dopey 1, regeneration 3, magic shield, antimagic bite, no
device heal 3, rot immunity
a: Burn Spellbooks, Berserk, Trog's Hand, Brothers in Arms, Renounce Religion,
Evoke Flight


You were on level 11 of the Dungeon.
You worshipped Trog.
Trog was extremely pleased with you.
You were very hungry.

You visited 1 branch of the dungeon, and saw 11 of its levels.

You collected 573 gold pieces.
You spent 296 gold pieces at shops.

Inventory:

Hand weapons
 a - a +0 hand axe
 P - a +0 battleaxe (weapon)
 T - a +0 hand axe of venom
Missiles
 A - a throwing net (quivered)
Armour
 s - a +0 scale mail
 J - a +1 hat (worn)
 Q - a +0 plate armour (worn)
Magical devices
 e - a wand of polymorph (11)
 h - a wand of cold (7)
 k - a wand of polymorph (18)
 t - a wand of enslavement (9)
 u - a wand of digging (4)
 F - a wand of polymorph (8)
Comestibles
 c - 15 bread rations
 r - 2 meat rations
 H - a royal jelly
 R - a fruit
Scrolls
 j - 2 scrolls of enchant armour {unknown}
 l - 2 scrolls of recharging {unknown}
 m - 3 scrolls of fog {unknown}
 n - a scroll of vulnerability {unknown}
 o - a scroll of blinking {unknown}
 p - 4 scrolls of teleportation {unknown}
 q - 3 scrolls of enchant weapon {unknown}
 v - 3 scrolls of remove curse
 w - 3 scrolls of amnesia {unknown}
 x - 2 scrolls of noise {unknown}
 B - 2 scrolls of fear
 C - a scroll of random uselessness
 N - 2 scrolls of identify
Jewellery
 D - an uncursed amulet of stasis
 K - an amulet of warding (around neck)
 L - a ring of flight (left hand)
Potions
 b - a potion of berserk rage {unknown}
 d - 5 potions of agility
 f - 2 potions of brilliance
 g - 5 potions of curing
 i - a potion of flight
 z - 3 potions of might
 I - 2 potions of restore abilities
 S - a potion of haste
 U - a potion of lignification
 W - a potion of invisibility
 Z - a potion of resistance
Books
 y - a book of the Warp

   Spells                             Type                      Level
   Control Teleport                   Charms/Translocation         4
   Phase Shift                        Translocation                5
   Warp Weapon                        Charms/Translocation         5
   Dispersal                          Translocation                6
   Controlled Blink                   Translocation                7
   Disjunction                        Translocation                8
   Trog disapproves of the use of such an item.
 E - a book of Changes

   Spells                             Type                      Level
   Beastly Appendage                  Transmutation                1
   Sticks to Snakes                   Transmutation                2
   Spider Form                        Transmutation/Poison         3
   Ice Form                           Ice/Transmutation            4
   Blade Hands                        Transmutation                5
   Trog disapproves of the use of such an item.
 G - a book of Cantrips

   Spells                             Type                      Level
   Corona                             Hexes                        1
   Animate Skeleton                   Necromancy                   1
   Summon Small Mammal                Summoning                    1
   Apportation                        Translocation                1
   Trog disapproves of the use of such an item.
 M - a book of Hinderance

   Spells                             Type                      Level
   Confusing Touch                    Hexes                        2
   Confuse                            Hexes                        3
   Petrify                            Transmutation/Earth          4
   Leda's Liquefaction                Hexes/Earth                  4
   Metabolic Englaciation             Hexes/Ice                    5
   Summon Mana Viper                  Hexes/Summoning              5
   Trog disapproves of the use of such an item.
 V - a book of Transfigurations

   Spells                             Type                      Level
   Stoneskin                          Transmutation/Earth          2
   Ice Form                           Ice/Transmutation            4
   Statue Form                        Transmutation/Earth          6
   Hydra Form                         Transmutation                6
   Dragon Form                        Transmutation                7
   Trog disapproves of the use of such an item.


   Skills:
 - Level 7.1 Fighting
 - Level 7.4 Axes
 - Level 0.3 Throwing
 - Level 7.6 Armour
 - Level 5.1 Dodging
 - Level 0.3 Stealth
 + Level 6.3 Evocations


You had 9 spell levels left.
You didn't know any spells.

Dungeon Overview and Level Annotations

Branches:
Dungeon (11/15)            Temple (0/1) D:6             Orc (0/4) D:9
   Lair: D:8-11

Altars:
Cheibriados
Qazlal
Sif Muna
Zin
Beogh

Shops:
D:9 !

Annotations:
D:2 1 exclusion
D:3 Sigmund


Innate Abilities, Weirdness & Mutations

You have razor-sharp teeth.
You regenerate.
When hurt, damage is shared between your health and your magic reserves.
Your bite disrupts and absorbs the magic of your enemies.
Potions and wands cannot restore your health.
You are immune to rotting.
You tend to lose your temper in combat.
You are dopey. (Int -2)


Message History

You feel yourself slow down.
You are feeling very hungry.
The red ugly thing tentacle-slaps you but does no damage.
Evoke which item? (* to show all) (? for menu, Esc to quit)
Zapping:
h - a wand of cold (will waste charges)
Press: ? - help, Shift-Dir - straight line, f - yak
Aim: a yak The bolt of cold misses the red ugly thing.
The bolt of cold hits the yak.
The yak is heavily wounded.
The bolt of cold hits the crocodile.
The crocodile is severely wounded.
You wasted at least one charge getting the wand working.
Your skill with magical items lets you calculate the power of this device...
This wand has 7 charges left.
The red ugly thing tentacle-slaps you but does no damage.
The red ugly thing tentacle-slaps you!
* * * LOW HITPOINT WARNING * * *
You are engulfed in flames!!
You die...

#..♣...P...,,,,,,,**,>,,,,*,
#.......!..#,,,,*,,*,,,,,**,
#.........#.,,,,,,,*,,,,,**,
#...........*,,,,,,**,,,,,,,
#......<..#**,,,*,,,,,,,,,*,
#.......r.# **,***,,,,,,,,**
#........r# *****,,,,,,,,,*
#####.......rr#######...,,,,,,,,
#...<..%....tYu@......#*,,,***,,
#............Y###.....>.,,,,,,,,
#.).........###*,,#####*,*,,****
#...........# *,,,,,,**,**,*
#.........###* ******,,*,**,****
###........,,* **,,,**,,,,,
#.........,* **,,,,,,,,*
#.........,* *,,,,,,,,*
*........,,* *,,,,,,,,*


You could see a red ugly thing, 2 yaks, a crocodile, a porcupine and a green
rat.

Vanquished Creatures
  A cyclops (D:6)
  A gargoyle (D:10)
  A two-headed ogre (D:6)
  2 yaks (D:11)
  A spriggan (D:7)
  A wyvern (D:8)
  A hungry ghost (D:10)
  A hippogriff (D:7)
  Edmund (D:9)
  A mottled dragon (D:10)
  3 ice beasts
  6 orc warriors
  A sky beast (D:8)
  A necrophage (D:6)
  2 porcupines (D:11)
  2 centaurs
  6 ogres
  Duvessa (D:7)
  Blork the orc (D:6)
  7 giant frogs
  5 scorpions
  5 killer bees (D:8)
  4 crimson imps
  Dowan (D:7)
  A giant frog zombie (D:11)
  A quasit (D:10)
  A gnoll shaman (D:6)
  11 orc priests
  7 orc wizards
  An elf skeleton (D:8)
  2 hounds
  Natasha (thrice) (D:4)
  An iguana (D:6)
  6 worker ants
  Ijyb (D:2)
  A mummy (D:9)
  A scorpion zombie (D:7)
  6 adders
  10 gnolls
  A green rat (D:11)
  An orc zombie (D:6)
  2 shadow imps (D:7)
  A giant mite (D:8)
  A worm (D:2)
  An iguana skeleton (D:8)
  An adder zombie (D:9)
  3 giant geckos
  An ooze (D:4)
  53 orcs
  9 bats
  2 bat zombies
  4 giant cockroaches
  18 goblins
  13 hobgoblins
  4 quokkas
  2 giant newts
  11 jackals
  10 kobolds
  12 rats
  A rat zombie (D:8)
  5 ballistomycetes (D:9)
265 creatures vanquished.

Vanquished Creatures (collateral kills)
  A worker ant (D:9)
  An iguana (D:9)
2 creatures vanquished.

Vanquished Creatures (others)
  A giant spore (D:9)
  A ballistomycete (D:9)
2 creatures vanquished.

Grand Total: 269 creatures vanquished

Notes
Turn   | Place    | Note
--------------------------------------------------------------
     0 | D:1      | Kashira, the Vine Stalker Berserker, began the quest for the Orb.
     0 | D:1      | Reached XP level 1. HP: 11/11 MP: 1/1
   505 | D:1      | Reached XP level 2. HP: 16/16 MP: 3/3
   543 | D:1      | Reached skill level 3 in Axes
   601 | D:1      | Acquired Trog's second power
   790 | D:2      | Reached XP level 3. HP: 16/20 MP: 2/4
  1251 | D:2      | Noticed Ijyb
  1280 | D:2      | Killed Ijyb
  1280 | D:2      | Reached XP level 4. HP: 21/24 MP: 5/5
  1746 | D:3      | Noticed Sigmund
  2196 | D:4      | Noticed an ogre
  2202 | D:4      | Killed an ogre
  2202 | D:4      | Reached XP level 5. HP: 28/28 MP: 7/7
  2295 | D:4      | Noticed Natasha
  2302 | D:4      | Killed Natasha
  2310 | D:4      | Noticed Natasha
  2317 | D:4      | Gained mutation: You heal very quickly. [vine stalker growth]
  2317 | D:4      | Reached XP level 6. HP: 5/32 MP: 8/8
  2317 | D:4      | HP: 2/48 [Natasha (3)]
  2318 | D:4      | Killed Natasha
  2350 | D:4      | Noticed Natasha
  2355 | D:4      | Killed Natasha
  2741 | D:5      | Entered Level 5 of the Dungeon
  2849 | D:5      | Acquired Trog's third power
  2943 | D:5      | Found a deep blue altar of Sif Muna.
  2958 | D:5      | Reached skill level 4 in Axes
  2958 | D:5      | Reached XP level 7. HP: 33/37 MP: 9/9
  3856 | D:6      | Found a stormy altar of Qazlal.
  3896 | D:6      | Gained mutation: You have razor-sharp teeth. [vine stalker growth]
  3896 | D:6      | Reached XP level 8. HP: 42/42 MP: 11/11
  3945 | D:6      | Noticed Blork the orc
  3955 | D:6      | Killed Blork the orc
  3958 | D:6      | Reached skill level 5 in Armour
  4062 | D:6      | Noticed a cyclops
  4280 | D:6      | Found a staircase to the Ecumenical Temple.
  4455 | D:6      | Noticed a two-headed ogre
  4479 | D:6      | Killed a two-headed ogre
  4479 | D:6      | Reached skill level 5 in Fighting
  4560 | D:6      | Reached skill level 5 in Axes
  4627 | D:6      | Reached XP level 9. HP: 24/47 MP: 12/12
  4692 | D:6      | Reached skill level 6 in Armour
  4766 | D:6      | Killed a cyclops
  4852 | D:6      | Found a snail-covered altar of Cheibriados.
  4852 | D:6      | Found a glowing silver altar of Zin.
  5297 | D:7      | Reached skill level 5 in Dodging
  5440 | D:7      | Reached skill level 7 in Armour
  5630 | D:7      | Noticed Dowan
  5647 | D:7      | Killed Dowan
  5680 | D:7      | Noticed Duvessa
  5686 | D:7      | Killed Duvessa
  5918 | D:8      | Reached XP level 10. HP: 12/53 MP: 5/13
  6648 | D:8      | Gained mutation: You are dopey. (Int -2) [mutagenic meat]
  6649 | D:8      | Gained mutation: You can spit poison. [mutagenic meat]
  6650 | D:8      | Gained mutation: You regenerate. [mutagenic meat]
  7182 | D:9      | Found Eses' Distillery.
  7187 | D:9      | Bought a potion of haste for 112 gold pieces
  7187 | D:9      | Bought a potion of curing for 32 gold pieces
  7187 | D:9      | Bought a potion of mutation for 40 gold pieces
  7187 | D:9      | Bought a potion of might for 40 gold pieces
  7187 | D:9      | Bought a potion of lignification for 32 gold pieces
  7187 | D:9      | Bought a potion of might for 40 gold pieces
  7188 | D:9      | Gained mutation: You occasionally shout uncontrollably at your foes. [potion of mutation]
  7188 | D:9      | Gained mutation: You are partially covered in yellow scales (AC +2). [potion of mutation]
  7188 | D:9      | Gained mutation: Your magical capacity is low (-10% MP). [potion of mutation]
  7251 | D:9      | Noticed Edmund
  7264 | D:9      | Killed Edmund
  7297 | D:9      | Found a staircase to the Orcish Mines.
  7320 | D:9      | Found a roughly hewn altar of Beogh.
  7433 | D:9      | Reached skill level 1 in Evocations
  7778 | D:10     | Entered Level 10 of the Dungeon
  8133 | D:10     | Gained mutation: You tend to lose your temper in combat. [potion of mutation]
  8134 | D:10     | Lost mutation: You are partially covered in yellow scales (AC +2). [potion of cure mutation]
  8134 | D:10     | Lost mutation: You occasionally shout uncontrollably at your foes. [potion of cure mutation]
  8134 | D:10     | Lost mutation: You can spit poison. [potion of cure mutation]
  8134 | D:10     | Lost mutation: Your magical capacity is low (-10% MP). [potion of cure mutation]
  8450 | D:10     | Reached skill level 5 in Evocations
  8504 | D:11     | Noticed a red ugly thing
  8537 | D:11     | Slain by a red ugly thing

Action                   |  1- 3 |  4- 6 |  7- 9 | 10-12 || total
-------------------------+-------+-------+-------+-------++-------
Melee: Hand axe          |   122 |   131 |   359 |   141 ||   753
       Battleaxe         |       |       |       |   132 ||   132
Throw: Throwing net      |       |       |       |     2 ||     2
Invok: Berserk           |     2 |     4 |    14 |     9 ||    29
       Trog's Hand       |       |     1 |     2 |     2 ||     5
       Brothers in Arms  |       |       |       |     1 ||     1
Evoke: Wand              |       |       |       |     1 ||     1
  Use: Scroll            |     3 |     2 |     6 |     9 ||    20
       Potion            |       |       |       |     3 ||     3
  Eat: Chunk             |     3 |     5 |    16 |    18 ||    42
       Pizza             |       |     1 |       |       ||     1
       Beef jerky        |       |     1 |       |       ||     1
       Meat ration       |       |       |     1 |     1 ||     2
       Bread ration      |       |       |     1 |       ||     1
       Fruit             |       |       |       |     1 ||     1
